← All builds
Suicide front / Armada / Factory first / OBSERVED BUILD

Standard suicide front

The role's default: factory first (mostly Bot Lab), pushing Rocketeer-led bot play into the middle to contest and hold the front, with an Advanced Metal Extractor around 9:36 as the natural transition.

Usually lab first (63%)

#raid #push · 1291 distinct matches · 127 players · 71% of Armada Suicide front games · team won 59% of 1529 · Recently observed

HOW TO PLAY IT

Key timing: Bot Lab by 0:20

  1. Open with mex and wind, drop Bot Lab immediately.
  2. Push out first "Centurion" as Pond's boost lands.
  3. Send "Rocketeer", "Centurion", "Pawn" mix to contest middle.
  4. Add Dragon's Teeth and Sentries to hold the line.
  5. Get Advanced Metal Extractor up as T2 nears.

Phase by phase

TYPICAL OF ITS 1291 GAMES
  1. 1
  2. 2
  3. 3
PLAY THE OPENING

Follow the example game's first 6:00 step by step: what to build now, what comes next, and where it goes. At 1× it keeps pace with your own game.

  1. 1

    Bot Lab first

    Order
    1. Bot LabBot Lab done ~0:20, middle half 0:20–0:33

    Some games also: mex (36%)

  2. 2

    Bot Lab to 5:00

    Economy
    • Metal Extractor5Mex
    • Wind Turbine4Wind
    Builders
    • Construction Bot3 Con bot
    • Lazarus2 Lazarus
    Army
    • Sentry4 Sentry
    • Rocketeer17 Rocketeer
    • Tick2 Tick
    • Centurion1 Centurion
    Other
    • Radar Tower1 Radar Tower

    Some games also: con turret (35%) · pawn (32%)

    By 5:00 in all: 5 mex · 4 wind

    The example game in this phase · 47 steps
    1. Wind
    2. Construction BotCon bot
    3. Wind
    4. Construction BotCon bot
    5. SentrySentry
    6. LazarusLazarus
    7. Mex ×2
    8. CenturionCenturion
    9. SentrySentry
    10. Radar TowerRadar Tower
    11. Mex
    12. RocketeerRocketeer ×2
    13. SentrySentry
    14. RocketeerRocketeer
    15. Wind
    16. Mex
    17. RocketeerRocketeer
    18. SentrySentry ×2
    19. RocketeerRocketeer
    20. Wind
    21. SentrySentry
    22. Construction BotCon bot
    23. Wind
    24. RocketeerRocketeer ×3
    25. Wind
    26. Dragon's TeethDragon's Teeth ×3
    27. RocketeerRocketeer
    28. Dragon's TeethDragon's Teeth ×4
    29. RocketeerRocketeer
    30. Dragon's TeethDragon's Teeth
    31. Wind
    32. RocketeerRocketeer
    33. Dragon's TeethDragon's Teeth
    34. RocketeerRocketeer
    35. Wind
    36. RocketeerRocketeer
    37. BeamerBeamer
    38. RocketeerRocketeer
    39. Wind
    40. RocketeerRocketeer
    41. BeamerBeamer
    42. Construction BotCon bot
    43. Wind
    44. RocketeerRocketeer ×2
    45. Wind
    46. RocketeerRocketeer
    47. OverwatchOverwatch
  3. 3

    5:00 to 10:00

    Economy
    • Metal Extractor1Mex
    • Wind Turbine17Wind
    Builders
    • Construction Turret2 Con turret
    • Lazarus2 Lazarus
    • Construction Bot1 Con bot
    Army
    • Sentry1 Sentry
    • Rocketeer8 Rocketeer
    • Pawn1 Pawn

    Some games also: tick (47%) · energy storage (46%) · Radar Tower (46%) · centurion (45%) · Beamer (39%)

    By 10:00 in all: 6 mex · 23 wind · 1 energy storage · 3 con turret

    The example game in this phase · 127 steps
    1. RocketeerRocketeer ×2
    2. Wind
    3. RocketeerRocketeer
    4. Mex
    5. Con turret
    6. RocketeerRocketeer
    7. Wind
    8. RocketeerRocketeer
    9. Wind
    10. Con turret
    11. RocketeerRocketeer ×2
    12. Construction BotCon bot
    13. GauntletGauntletdone 7:27
    14. Con turret
    15. RocketeerRocketeer ×4
    16. Energy storage
    17. Wind ×2
    18. Sneaky PeteSneaky Pete
    19. Wind ×3
    20. RocketeerRocketeer
    21. Dragon's TeethDragon's Teeth
    22. Wind
    23. Dragon's TeethDragon's Teeth
    24. Wind
    25. Dragon's TeethDragon's Teeth ×4
    26. Wind
    27. Dragon's TeethDragon's Teeth
    28. Wind
    29. Dragon's TeethDragon's Teeth ×4
    30. Wind
    31. Dragon's TeethDragon's Teeth
    32. Wind ×3
    33. GauntletGauntlet
    34. Wind ×3
    35. Construction BotCon bot
    36. Wind ×4
    37. Dragon's TeethDragon's Teeth
    38. BeamerBeamer
    39. Dragon's TeethDragon's Teeth
    40. Wind
    41. Dragon's TeethDragon's Teeth
    42. Wind
    43. Dragon's TeethDragon's Teeth ×5
    44. Wind
    45. Dragon's TeethDragon's Teeth
    46. Wind
    47. Dragon's TeethDragon's Teeth
    48. Construction BotCon bot
    49. Dragon's TeethDragon's Teeth ×2
    50. Wind ×4
    51. Construction BotCon bot
    52. Wind ×2
    53. Advanced Metal ExtractorT2 mexdone 11:35 · typical 9:36
    54. Construction BotCon bot
    55. Wind ×2
    56. Converter
    57. Wind ×2
    58. Advanced Metal ExtractorT2 mex
    59. Converter
    60. Wind ×2
    61. Converter
    62. Wind ×2
    63. Construction BotCon bot
    64. Wind
    65. Converter
    66. Wind ×3
    67. Construction BotCon bot
    68. Wind
    69. Converter
    70. Wind ×3
    71. Converter
    72. Wind
    73. Con turret
    74. Wind ×2
    75. Con turret
    76. Converter
    77. Advanced Metal ExtractorT2 mex
    78. Wind ×3
    79. Con turret
    80. Converter
    81. Con turret
    82. Wind ×3
    83. Advanced Metal ExtractorT2 mex
    84. Con turret ×2
    85. Converter
    86. Wind
    87. Con turret
    88. Wind ×2
    89. Converter
    90. Wind ×3
    91. Converter
    92. Wind ×3
    93. Advanced Metal ExtractorT2 mex
    94. Converter
    95. Wind ×3
    96. Construction BotCon bot
    97. Wind
    98. Converter
    99. Wind ×3
    100. Converter
    101. Energy storage
    102. Wind ×2
    103. Energy storage
    104. Wind
    105. Cloakable Fusion ReactorCloakable Fusion Reactornot finished by 15:00
    106. Converter
    107. Wind ×2
    108. Energy storage
    109. Wind
    110. PawnPawn
    111. Wind
    112. Energy storage
    113. Wind
    114. PawnPawn
    115. Converter
    116. Wind ×3
    117. Energy storage
    118. Wind ×2
    119. Converter
    120. Wind ×2
    121. PawnPawn
    122. Converter
    123. BeamerBeamer
    124. Wind
    125. PawnPawn
    126. Wind
    127. Energy storage

Counts are medians over the build's games: half of them build more, half fewer. The example game is derkarl's (40 OS, 28/09/2026); pick another.

Team trades

IN AT LEAST 30% OF ITS GAMES

You hand over

Nothing regular.

You get

  • Tidal Generator4 Tidal from Pondfirst at 0:10 · in 69% of games
  • Advanced Construction Bot1 T2 con bot from Geo or Techfirst at 7:30 · in 59% of games

How it plays out

Typical game of this build, running totals by minute

Metal produced

010k20k30k
0:005:0010:0015:00

metal

Enemy metal destroyed

05k10k
0:005:0010:0015:00

metal

Own metal lost

05k10k
0:005:0010:0015:00

metal

1529 games.

Show as table
ByMetal produced: This buildEnemy metal destroyed: This buildOwn metal lost: This build
1:0022600
2:0088800
3:002051180106
4:003161658496
5:00424314131026
6:00543322981789
7:00667031752710
8:00792040313619
9:00931747964495
10:001069954265316
11:001226559036054
12:001411365126830
13:001622270137536
14:001810976968373
15:002046683299249
WHAT THE NUMBERS SAY

Standard suicide front play wins slightly more than half its games with fast kills but also fast losses, matching the raw grind of the role.

  • + First kill lands by 2:04 in all games
  • + Metal produced reaches 19882 by 15:00
  • − Own metal lost hits 9208 by 15:00, near metal destroyed of 8172
  • − First unit lost as early as 2:08 in every game
THE EXAMPLE YOU ARE READING

derkarl

39.6 OS · 28/09/2026

Open source match ↗

6 received units · includes a constructor
156 metal received · 9571 energy received

Allied construction assistance is unknown. Timings are observations, not a promise of solo reproducibility.

Typical milestones

Bot Lab0:20Middle 50%: 0:20–0:33 · n=1522
Advanced Metal Extractor9:36Middle 50%: 8:41–10:48 · n=1128

Played most by

_X_253games of this buildPlatinumBlonde181games of this buildXad120games of this buildImmort73games of this buildwatermeloans60games of this build
Standard suicide front · Armada Suicide front build order · BAR Build Atlas